 Dungeon Crawl Stone Soup version 0.21-a0-529-g8c7b3f5 (webtiles) character file.

354 Amnesiac the Grave Robber (level 6, -4/39 HPs)
             Began as a Deep Elf Necromancer on Dec 10, 2017.
             Slain by a gnoll sergeant
             ... wielding a +0 spear
              (7 damage)
             ... on level 5 of the Dungeon.
             The game lasted 00:06:35 (2986 turns).

Amnesiac the Grave Robber (Deep Elf Necromancer)    Turns: 2986, Time: 00:06:35

Health: -4/39      AC:  5    Str: 10    XL:     6   Next: 35%
Magic:  0/12       EV: 14    Int: 22    God:
Gold:   90         SH:  4    Dex: 15    Spells: 0/11 levels left

rFire    . . .     SeeInvis .   h - -2 short sword (curse)
rCold    . . .     Gourm    .   (no shield)
rNeg     . . .     Faith    .   a - +0 robe
rPois    .         Spirit   .   (helmet restricted)
rElec    .         Reflect  .   (no cloak)
rCorr    .         Harm     .   i - +0 pair of gloves
MR       +....                  p - +1 pair of boots
Stlth    ++........             k - amulet of rage
HPRegen  0.00/turn              d - -3 ring of slaying (curse)
MPRegen  0.13/turn              (no ring)

@: mighty, hasted, very quick
A: horns 1, large bone plates 1, magic resistance 1, inhibited regeneration
a: Evoke Berserk Rage


You were on level 5 of the Dungeon.
You were not hungry.

You visited 1 branch of the dungeon, and saw 5 of its levels.

You collected 90 gold pieces.

Inventory:

Hand Weapons
 e - a +1 trident of protection
 h - a cursed -2 short sword (weapon)
Missiles
 f - 73 stones (quivered)
 l - 12 poisoned needles
Armour
 a - a +0 robe (worn)
 i - a +0 pair of gloves (worn)
 p - a +1 pair of boots (worn)
Jewellery
 d - a cursed -3 ring of slaying (left hand)
 k - an amulet of rage (around neck)
Scrolls
 r - a scroll of enchant armour {!r}
Potions
 q - a potion of haste {!q}
Books
 b - a book of Necromancy

   Spells                             Type                      Level
   a - Pain                           Necromancy                   1
   b - Animate Skeleton               Necromancy                   1
   c - Vampiric Draining              Necromancy                   3
   d - Regeneration                   Charms/Necromancy            3
   e - Animate Dead                   Necromancy                   4
   f - Control Undead                 Necromancy                   4
Comestibles
 c - a bread ration
 j - 2 meat rations
 m - 3 royal jellies


   Skills:
 * Level 4.5 Fighting
 + Level 4.5 Dodging
 - Level 2.4 Stealth
 - Level 3.0 Spellcasting
 - Level 4.8 Necromancy


You couldn't memorise any spells.
You knew the following spells:

 Your Spells              Type           Power        Failure   Level  Hunger
a - Pain                  Necr           ###.         1%          1    None
b - Control Undead        Necr           ###.......   17%         4    ####...
d - Vampiric Draining     Necr           ###.......   4%          3    ###....
r - Regeneration          Chrm/Necr      ##........   14%         3    ###....


Dungeon Overview and Level Annotations

Branches:
Dungeon (5/15)
 Temple: D:4-7

Altars:

Annotations:
D:4 Purgy


Innate Abilities, Weirdness & Mutations

You have a pair of small horns on your head.
You are partially covered in large bone plates. (SH +4)
You are resistant to hostile enchantments. (MR+)
You do not regenerate when monsters are visible.


Message History

You don't have enough magic to cast that spell.
You hit the gnoll sergeant but do no damage.
You headbutt the gnoll sergeant, but do no damage.
The gnoll sergeant is severely wounded.
The orc wizard barely misses you. You block the gnoll sergeant's attack.
The orc wizard hits you but does no damage.
The gnoll hits your hound zombie but does no damage.
Casting: Vampiric Draining
Confirm with . or Enter, or press ? or * to list all spells.
Aiming: Pain
Press: ? - help, Shift-Dir - straight line, f/p - gnoll sergeant
Aim: a gnoll sergeant, wielding a spear and wearing a ring mail (severely wounded, chance to defeat MR: 83%)
The gnoll sergeant writhes in agony!
The gnoll sergeant hits you with a spear.
The orc wizard hits you but does no damage.
The gnoll hits you with a club.
Unknown command.
Casting: Pain
Confirm with . or Enter, or press ? or * to list all spells.
Aiming: Pain
Press: ? - help, Shift-Dir - straight line, f/p - gnoll sergeant
Aim: a gnoll sergeant, wielding a spear and wearing a ring mail (almost dead, chance to defeat MR: 83%)
The gnoll sergeant writhes in agony!
The orc wizard hits you but does no damage.
The gnoll sergeant hits you with a spear.
* * * LOW HITPOINT WARNING * * *
The gnoll hits your hound zombie with a club.
The orc wizard casts a spell at you. The magic dart hits you!
* * * LOW HITPOINT WARNING * * *
The gnoll hits you with a club.
* * * LOW HITPOINT WARNING * * *
Unknown command.
Unknown command.
Casting: Pain
Confirm with . or Enter, or press ? or * to list all spells.
Aiming: Pain
Press: ? - help, Shift-Dir - straight line, f/p - gnoll sergeant
Aim: a gnoll sergeant, wielding a spear and wearing a ring mail (almost dead, chance to defeat MR: 83%)
The gnoll sergeant writhes in agony!
The gnoll sergeant hits you but does no damage.
The orc wizard closely misses you.
Unknown command.
Unknown command.
You block the orc wizard's attack. The gnoll sergeant closely misses you.
The orc closely misses your hound zombie.
The orc wizard hits you with a dagger.
* * * LOW HITPOINT WARNING * * *
The gnoll closely misses your hound zombie.
Okay, then.
The hound zombie is no longer charmed.
Okay, then.
Really read
r - a scroll of enchant armour {!r}?
Okay, then.
Really quaff
q - 2 potions of haste {!q}?
You feel yourself speed up. The orc wizard hits you with a dagger.
* * * LOW HITPOINT WARNING * * *
You block the gnoll sergeant's attack. The gnoll hits you but does no damage.
The orc wizard misses you.
Really quaff
n - a potion of might {!q}?
You feel very mighty all of a sudden. The gnoll hits you but does no damage.
The gnoll sergeant hits you from afar with a spear!
You die...

#.....
###'##..(.$....#.....
#..).#.........#.....
#....# .o......#...h.
#....# #..... #....#
#...o# #..gg# #.Zgo#
###g@# ####


You could see a gnoll sergeant, an orc wizard, 3 gnolls, an orc and a hound
zombie.

Vanquished Creatures
  A black bear (D:4)
  2 orc wizards
  2 worker ants
  A hound skeleton (D:4)
  A worker ant zombie (D:3)
  2 gnolls (D:5)
  3 adders
  2 oozes
  3 worms
  A dart slug (D:2)
  3 leopard geckos (D:3)
  13 orcs
  2 bats (D:1)
  A giant cockroach (D:3)
  A goblin (D:3)
  2 hobgoblins
  12 jackals (D:4)
  4 kobolds
  A quokka (D:2)
  A frilled lizard (D:3)
  A jackal skeleton (D:3)
  3 rats
62 creatures vanquished.

Notes
Turn   | Place    | Note
-------+----------+-------------------------------------------
     0 | D:1      | Amnesiac the Deep Elf Necromancer began the quest for the Orb.
     0 | D:1      | Reached XP level 1. HP: 10/10 MP: 6/6
   126 | D:1      | Reached skill level 1 in Fighting
   308 | D:2      | Reached XP level 2. HP: 7/17 MP: 1/8
   686 | D:4      | Reached XP level 3. HP: 18/21 MP: 5/9
   691 | D:4      | Learned a level 3 spell: Vampiric Draining
   695 | D:4      | Learned a level 3 spell: Regeneration
   711 | D:4      | Noticed Purgy
  1156 | D:3      | Reached XP level 4. HP: 10/27 MP: 3/10
  1414 | D:3      | Gained mutation: You do not regenerate when monsters are visible. [potion of mutation]
  1414 | D:3      | Gained mutation: You are partially covered in large bone plates. (SH +4) [potion of mutation]
  1414 | D:3      | Gained mutation: You have a pair of small horns on your head. [potion of mutation]
  1414 | D:3      | Gained mutation: You are resistant to hostile enchantments. (MR+) [potion of mutation]
  1763 | D:4      | Reached XP level 5. HP: 27/32 MP: 5/11
  2297 | D:4      | Noticed a black bear
  2313 | D:4      | Killed a black bear
  2497 | D:5      | Entered Level 5 of the Dungeon
  2511 | D:5      | Reached XP level 6. HP: 25/38 MP: 4/12
  2520 | D:5      | Learned a level 4 spell: Control Undead
  2986 | D:5      | Slain by a gnoll sergeant

Vault maps used:
D:1:      saegor_arrival_simple_e, minmay_pentomino_u2
D:2:      first_bread
D:3:      serial_undead, serial_undead_b, serial_undead_c, serial_undead_d,
          serial_undead_b
D:4:      black_bear_nest_2, kennysheep_flooded_box, uniq_purgy

Skill      XL: |  1  2  3  4  5 |
---------------+----------------+-----
Fighting       | 1 2 3 4 |  4.5
Dodging        | 3 4 |  4.5
Stealth        | |  2.4
Spellcasting   | |  3.0
Necromancy     | |  4.8

Action                   |  1- 3 |  4- 6 || total
-------------------------+-------+-------++-------
Melee: Short sword       |    45 |    43 ||    88
       Headbutt          |       |     7 ||     7
 Cast: Pain              |    40 |    64 ||   104
       Vampiric Draining |     2 |    19 ||    21
       Regeneration      |     2 |       ||     2
       Control Undead    |       |     1 ||     1
 Abil: Evoke Berserk Rag |     1 |     2 ||     3
  Use: Scroll            |     1 |     4 ||     5
       Potion            |     1 |     3 ||     4
 Stab: Sleeping          |       |     2 ||     2
  Eat: Chunk             |     1 |    10 ||    11
Armor: Robe              |     8 |    26 ||    34
Dodge: Dodged            |    75 |    83 ||   158
Block: Other             |       |    20 ||    20

Table legend:
 A = Spawn XP
 B = Non-spawn XP
 C = Spawn XP percentage of total XP
 D = Spawn monster count
 E = Non-spawn monster count
 F = Spawn count percentage of total count
 G = Total turns spent on level
                    A         B        C        D         E        F      G
               +---------+---------+-------+---------+---------+-------+---------
         Total |       0 |     506 |   0.0 |       0 |      62 |   0.0 |  2986
               +---------+---------+-------+---------+---------+-------+---------
           D:1 |       0 |       8 |   0.0 |       0 |       4 |   0.0 |   279
           D:2 |       0 |      28 |   0.0 |       0 |       6 |   0.0 |   316
           D:3 |       0 |     115 |   0.0 |       0 |      19 |   0.0 |   852
           D:4 |       0 |     269 |   0.0 |       0 |      22 |   0.0 |  1303
           D:5 |       0 |      86 |   0.0 |       0 |      11 |   0.0 |   236
               +---------+---------+-------+---------+---------+-------+---------
